 Dungeon Crawl Stone Soup version 0.26.1-11-gd32895ea62 (webtiles) character file.

Game seed: 8362445875914757921

67 Acheron the Covered (level 4, -9/33 HPs)
             Began as a Merfolk Wanderer on July 4, 2021.
             Killed by divine providence
             ... invoked by an orc priest
              (11 damage)
             ... on level 2 of the Dungeon.
             The game lasted 00:10:57 (1157 turns).

Acheron the Covered (Merfolk Wanderer)              Turns: 1157, Time: 00:10:58

Health: -9/33      AC:  8    Str: 13 (14) XL:     4   Next: 18%
Magic:  5/5        EV:  9    Int: 11 (12) God:
Gold:   50         SH:  0    Dex: 10 (11) Spells: 5/5 levels left

rFire    . . .     SeeInvis .   a - +2 shortbow
rCold    . . .     Faith    .   (shield currently unavailable)
rNeg     . . .     Spirit   .   j - +0 scale mail
rPois    .         Reflect  .   (no helmet)
rElec    .         Harm     .   o - +0 cloak
rCorr    .         Rampage  .   (no gloves)
Will     .....                  (no boots)
Stlth    ..........             (no amulet)
HPRegen  0.11/turn              (no ring)
MPRegen  0.09/turn              (no ring)

@: about to teleport
A: change form in water, swift swim, stealthy swim
a: no special abilities


You were on level 2 of the Dungeon.
You visited 1 branch of the dungeon, and saw 3 of its levels.

You collected 50 gold pieces.

Inventory:

Hand Weapons
 a - a +2 shortbow (weapon)
 e - a +0 short sword
Missiles
 b - 58 arrows (quivered ammo)
 l - 13 poisoned darts
Armour
 d - a +0 ring mail
 j - a +0 scale mail (worn)
 o - a +0 cloak (worn)
Jewellery
 h - a cursed ring of teleportation {unknown}
 q - a +6 ring of intelligence {unknown}
Scrolls
 f - 3 scrolls of remove curse {unknown}
 g - a scroll of fog {unknown}
 i - a scroll of noise {unknown}
 n - 2 scrolls of identify {unknown}
Potions
 k - a potion of flight {unknown}
 m - a potion of degeneration
 p - a potion of attraction {unknown}
 r - a potion of heal wounds {unknown}


   Skills:
 * Level 1.7 Fighting
 + Level 2.0 Bows
 * Level 3.9 Armour
 * Level 1.1 Dodging
 * Level 2.3 Stealth
 + Level 1.0 Shields
 * Level 1.2 Spellcasting


You had 5 spell levels left.
You didn't know any spells.
Your spell library was empty.

Dungeon Overview and Level Annotations

Branches:
Dungeon (3/15)

Altars:

Annotations:
D:2 exclusion: downstairs


Message History

Level annotation: exclusion: downstairs The ice beast hits you.
The ice beast freezes you!
The ice beast hits you but does no damage.
There is a stone staircase leading down here.
As you read the scroll of teleportation, it crumbles to dust.
You feel strangely unstable.
The ice beast hits you but does no damage.
The ooze hits you but does no damage. The orc barely misses you.
The orc priest mumbles some strange prayers to Beogh against you.
Beogh smites you!
* * * LOW HITPOINT WARNING * * *
It was a potion of degeneration.
There was something very wrong with that liquid.
You feel weakened.
You feel dopey.
You feel clumsy. The orc hits you but does no damage.
The ice beast hits you but does no damage.
The ooze hits you but does no damage.
The orc priest calls down the wrath of Beogh upon you.
Beogh smites you!
You die...

#..^# #..
#...# #.. .#
#...# #.# ..
###...#####.#
.# .
...........#
..##..
...........#
....
.#......Y.<#
#..#
......#####.#
##J#.##..
.#...)#
#.###@Y.....#
......#
#..oo##.##.#
.#....#
##.oo##.#
......#
#..(((..# (
.#....#
##...###...
......###
##...###.##
.#......#
##........#
.....##.#
#.........#
.#...##.#
##.....##.#


You could see an ice beast, an orc priest, an ooze and 3 orcs.

Vanquished Creatures
  An adder (D:2)
  An ooze (D:1)
  2 dart slugs (D:2)
  A leopard gecko (D:1)
  A ball python (D:1)
  4 giant cockroaches
  5 goblins
  5 hobgoblins
  2 jackals (D:2)
  3 bats
  5 frilled lizards
  7 kobolds
  14 rats
51 creatures vanquished.

Notes
Turn   | Place    | Note
-------+----------+-------------------------------------------
     0 | D:1      | Acheron the Merfolk Wanderer began the quest for the Orb.
     0 | D:1      | Acheron set off with the following items: a +2 shortbow, 26
                  | arrows, a scroll of teleportation, a +0 ring mail
     0 | D:1      | Reached XP level 1. HP: 15/15 MP: 1/1
    26 | D:1      | Reached skill level 1 in Spellcasting
    26 | D:1      | Reached XP level 2. HP: 17/21 MP: 1/3
   179 | D:2      | Reached XP level 3. HP: 26/26 MP: 4/4
   553 | D:1      | Reached skill level 1 in Dodging
   567 | D:1      | Reached XP level 4. HP: 32/33 MP: 5/5
   847 | D:2      | Noticed an ice beast
  1153 | D:3      | Noticed a bullfrog
  1157 | D:2      | Killed from afar by an orc priest

Illustrated notes

Levels and vault maps discovered:
D:1:      tarquinn_simple_flora_water_a, layout_basic
D:2:      layout_loops_cross, hex_large, nrook_mini_backslash, tgw_fedhas
D:3:      layout_rooms

Skill      XL: |  1  2  3 |
---------------+----------+-----
Spellcasting   | 1 |  1.2
Stealth        | 2 |  2.3
Bows           | 2 |  2.0
Dodging        | 1 |  1.1
Fighting       | |  1.7
Armour         | |  3.9
Shields        | |  1.0

Action                   |  1- 3 |  4- 6 || total
-------------------------+-------+-------++-------
 Fire: Shortbow          |    93 |    25 ||   118
  Use: Scroll            |       |     1 ||     1
       Potion            |       |     1 ||     1
Armor: Ring mail         |    18 |       ||    18
       Scale mail        |       |    16 ||    16
Dodge: Dodged            |    28 |    10 ||    38
